Map: Sueño ártico EE

Players

MrFercho - Winner!

  • Race: Zerg Zerg
  • League: Silver
  • Spawn Location: 5:00

TATORREA - Winner!

  • Race: Protoss Protoss
  • League: Gold
  • Spawn Location: 6:00

NamWasFake

  • Race: Zerg Zerg
  • Spawn Location: 12:00

RipeFruit

  • Race: Protoss Protoss
  • Spawn Location: 11:00

VOD

Have the link to the VOD?

Description

Time

  • Played on: July 17, 2020, 10:59 p.m.
  • Length: 15:41
Show
View Real Time Build Order
Export as new Build Order

MrFercho Zerg - Winner!

Build Orders: Hatch First, Brood Lord Corruptor 

Get SALT Encoding   

  12  0:01  Drone  
  13  0:13  Overlord  
  13  0:16  Drone  
  14  0:34  Drone x2  
  16  0:52  Drone  
  16  0:53  Hatchery  
  16  0:55  Drone  
  17  0:58  Drone  
  18  1:08  Extractor  
  17  1:16  Spawning Pool  
  17  1:17  Drone  
  17  1:21  Drone  
  18  1:29  Drone  
  19  1:42  Drone  
  20  1:52  Overlord  
  20  2:05  Overlord  
  20  2:07  Queen x2  
  24  2:09  Drone  
  24  2:12  Drone  
  26  2:27  Metabolic Boost  
  26  2:29  Drone x3  
  29  2:36  Drone  
  30  2:37  Drone  
  31  2:49  Drone x2  
  33  3:18  Drone  
  33  3:19  Drone x5  
  39  3:21  Hatchery  
  39  3:22  Queen  
  40  3:33  Lair  
  40  3:41  Drone  
  41  3:45  Drone x3  
  44  3:48  Overlord x2  
  44  3:49  Overlord x3  
  44  3:58  Pneumatized Carapace  
  44  4:14  Drone x5  
  49  4:29  Zergling x4  
  51  4:41  Zergling x16  
  53  4:58  Zergling x2  
  53  4:59  Zergling x8  
  55  5:11  Drone x6  
  55  5:12  Evolution Chamber  
  60  5:27  Queen  
  62  5:44  Zergling x2  
  62  5:45  Zergling x18  
  62  5:48  Zerg Melee Weapons Level 1  
  72  5:53  Baneling Nest  
  72  5:56  Hydralisk Den  
  70  5:59  Infestation Pit  
  70  6:01  Extractor  
  70  6:02  Extractor  
  67  6:06  Extractor  
  66  6:13  Drone  
  66  6:14  Drone x7  
  74  6:31  Drone x4  
  78  6:46  Drone x2  
  81  6:47  Hatchery, Drone x2  
  81  6:48  Overlord  
  81  6:51  Hatchery  
  81  6:52  Muscular Augments  
  80  7:03  Extractor  
  80  7:08  Extractor, Drone x6  
  79  7:09  Drone x4  
  79  7:13  Baneling  
  79  7:14  Baneling x5  
  88  7:23  Overlord x4  
  87  7:43  Hatchery  
  85  7:55  Drone x2  
  87  8:03  Grooved Spines  
  87  8:04  Drone  
  87  8:05  Drone x2  
  90  8:08  Spore Crawler  
  90  8:12  Spine Crawler  
  88  8:16  Centrifical Hooks, Spire  
  87  8:20  Zerg Missile Weapons Level 1  
  87  8:24  Hive  
  87  8:31  Evolution Chamber  
  86  8:37  Drone x3  
  86  8:38  Drone x23  
  112  8:41  Drone x3  
  115  9:01  Hatchery  
  114  9:09  Drone x2  
  116  9:24  Lurker Den  
  115  9:26  Zerg Ground Armor Level 1  
  115  9:52  Extractor  
  114  9:54  Extractor  
  113  10:01  Extractor  
  113  10:03  Overlord x5  
  113  10:04  Overlord  
  113  10:06  Extractor  
  111  10:07  Overseer  
  111  10:15  Mutalisk x14  
  139  10:33  Drone x3  
  142  10:42  Seismic Spines  
  142  10:44  Hatchery, Greater Spire  
  141  11:07  Zergling x28  
  141  11:08  Zergling x46  
  178  11:13  Baneling x12  
  178  11:14  Baneling x6  
  178  11:15  Baneling x6  
  169  11:39  Adaptive Talons  
  156  11:46  Corruptor x13  
  137  12:02  Spore Crawler  
  137  12:05  Spore Crawler  
  131  12:10  Spore Crawler  
  131  12:12  Drone, Spore Crawler  
  131  12:13  Drone x5, Spore Crawler  
  124  12:16  Spore Crawler  
  124  12:18  Queen  
  119  12:41  Zerg Flyer Weapons Level 1  
  119  12:44  Zerg Missile Weapons Level 2, Zerg Ground Armor Level 2  
  119  12:45  Hydralisk  
  119  12:46  Hydralisk x22  
  119  12:47  Hydralisk  
  167  13:13  Overlord x2  
  167  13:14  Overlord x3  
  153  13:23  Corruptor x9  
  153  13:24  Corruptor  
  143  13:46  Hydralisk x9  
  143  13:47  Hydralisk x3  
  123  14:05  Hydralisk x6  
  123  14:06  Hydralisk x3  
  123  14:09  Zergling x2  
  144  14:10  Zergling x6  
  144  14:12  Zergling x2  
  144  14:13  Zergling x2  
  139  14:25  Extractor  
  139  14:26  Hatchery  
  139  14:30  Extractor  
  136  14:48  Brood Lord x5  
  136  14:49  Brood Lord  
  148  14:56  Hydralisk  
  148  14:57  Hydralisk x3  
  148  14:58  Hydralisk  
  158  15:03  Zergling x20  
  158  15:04  Zergling x22  
Show
View Real Time Build Order
Export as new Build Order

TATORREA Protoss - Winner!

Build Orders: Oracle Opening, Carriers 

Get SALT Encoding   

  12  0:01  Probe  
  13  0:13  Probe  
  14  0:19  Pylon  
  14  0:26  Probe  
  15  0:37  Probe  
  16  0:44  Gateway  
  16  0:45  Probe  
  16  0:49  Assimilator  
  17  0:54  Probe  
  18  1:04  Probe  
  18  1:07  Pylon  
  19  1:16  Probe  
  20  1:28  Probe  
  21  1:40  Probe  
  22  1:51  Assimilator  
  22  1:52  Probe  
  23  1:58  Cybernetics Core  
  23  2:07  Gateway  
  23  2:10  Gateway  
  23  2:14  Pylon  
  23  2:17  Probe  
  24  2:38  Stargate  
  24  2:39  Warp Gate  
  24  2:42  Nexus  
  24  2:47  Probe  
  25  2:59  Probe  
  26  3:09  Probe  
  27  3:14  Stargate  
  27  3:17  Probe  
  27  3:18  Pylon  
  27  3:25  Probe  
  27  3:26  Pylon  
  28  3:33  Pylon  
  29  3:37  Oracle, Probe  
  33  3:49  Oracle  
  33  3:50  Probe  
  34  4:02  Probe x2  
  39  4:10  Assimilator  
  39  4:12  Assimilator  
  39  4:14  Probe x2  
  41  4:26  Probe x2  
  43  4:32  Fleet Beacon  
  43  4:41  Probe x2  
  45  5:15  Protoss Air Weapons Level 1  
  45  5:25  Probe x2  
  47  5:34  Tempest, Carrier  
  58  5:40  Probe x2  
  60  5:51  Stargate  
  60  5:54  Pylon  
  60  5:58  Probe x2  
  60  5:59  Pylon  
  60  6:02  Pylon  
  62  6:10  Nexus  
  62  6:14  Pylon  
  62  6:16  Pylon  
  62  6:17  Carrier  
  68  6:21  Probe x2  
  70  6:35  Probe x2  
  70  6:38  Tempest  
  77  6:47  Probe, Stargate  
  77  6:48  Probe  
  79  6:57  Assimilator  
  79  6:59  Probe  
  79  7:00  Probe  
  81  7:02  Assimilator  
  81  7:06  Protoss Air Weapons Level 2  
  81  7:12  Probe x2  
  83  7:20  Zealot  
  83  7:21  Carrier, Zealot x2  
  95  7:35  Probe x2  
  97  7:39  Carrier  
  103  7:49  Probe x2  
  103  7:50  Probe  
  106  8:02  Probe x2  
  106  8:03  Probe  
  109  8:13  Nexus  
  109  8:15  Pylon  
  109  8:17  Pylon  
  109  8:22  Cybernetics Core  
  109  8:23  Probe x2  
  109  8:24  Probe  
  109  8:26  Carrier  
  118  8:35  Probe  
  118  8:36  Probe x2  
  121  8:43  Tempest  
  121  8:47  Probe  
  121  8:48  Probe x2  
  129  9:07  Tempest  
  129  9:08  Protoss Air Armor Level 1, Carrier  
  140  9:26  Assimilator, Carrier  
  140  9:29  Assimilator  
  140  9:30  Tempest  
  151  9:38  Probe x4  
  155  9:50  Probe x4  
  159  10:09  Nexus  
  159  10:10  Pylon  
  159  10:11  Tempest  
  159  10:12  Pylon x2  
  164  10:18  Pylon  
  164  10:22  Pylon  
  164  10:24  Pylon  
  164  10:25  Protoss Air Weapons Level 3  
  164  10:28  Carrier  
  170  10:29  Pylon  
  170  10:30  Tempest, Carrier  
  170  10:31  Pylon  
  181  10:46  Assimilator  
  181  10:50  Assimilator  
  175  11:08  Protoss Air Armor Level 2  
  175  11:11  Carrier  
  181  11:13  Carrier  
  187  11:32  Carrier  
  187  11:34  Tempest  
  120  12:17  Tempest  
  120  12:18  Tempest  
  120  12:19  Carrier  
  136  12:36  Carrier  
  142  13:00  Tempest  
  142  13:01  Carrier  
  153  13:12  Mothership  
  161  13:22  Tempest  
  166  13:40  Tempest  
  171  13:43  Carrier  
  165  14:05  Tempest  
  165  14:06  Carrier  
  176  14:23  Carrier  
  170  14:48  Tempest  
Show
View Real Time Build Order
Export as new Build Order

NamWasFake Zerg 

Build Orders: Hatch First, Muta Ling Bane 

Get SALT Encoding   

  12  0:01  Drone  
  13  0:13  Overlord  
  13  0:19  Drone  
  14  0:32  Drone x2  
  16  0:37  Drone  
  17  0:59  Drone  
  17  1:00  Hatchery  
  17  1:02  Extractor  
  17  1:03  Drone  
  17  1:32  Spawning Pool  
  16  1:47  Drone x2  
  16  1:52  Hatchery  
  17  2:06  Drone x2  
  19  2:13  Drone  
  19  2:15  Drone  
  21  2:20  Metabolic Boost  
  21  2:22  Queen  
  23  2:33  Queen  
  25  3:05  Drone x3  
  26  3:06  Drone x4  
  32  3:15  Overlord  
  32  3:18  Overlord  
  32  3:22  Overlord  
  32  3:33  Queen  
  34  3:36  Drone x2  
  34  3:39  Drone  
  34  3:40  Drone x3  
  40  3:42  Drone  
  40  3:43  Zergling x2  
  40  3:44  Zergling x2  
  40  3:46  Zergling x2  
  44  4:02  Extractor  
  43  4:07  Pneumatized Carapace  
  43  4:25  Drone x7  
  43  4:27  Overlord  
  43  4:29  Overlord  
  43  4:30  Overlord x2  
  50  4:31  Overlord  
  50  4:40  Overlord  
  50  5:11  Spore Crawler  
  49  5:15  Spore Crawler  
  49  5:17  Spore Crawler  
  44  5:32  Evolution Chamber  
  43  5:36  Roach Warren  
  43  5:41  Extractor  
  43  5:42  Extractor, Drone  
  42  5:43  Drone x8  
  42  5:49  Zergling x2  
  52  5:50  Zergling x14  
  52  5:54  Baneling Nest, Drone x4  
  60  6:00  Lair  
  60  6:10  Drone x3  
  60  6:11  Drone x2  
  65  6:17  Extractor x2, Drone  
  65  6:18  Drone x3  
  67  6:19  Drone x3  
  67  6:20  Drone x3  
  73  6:29  Overlord  
  73  6:30  Overlord  
  73  6:33  Queen  
  75  6:46  Overlord  
  75  6:54  Drone  
  75  6:55  Drone x4  
  75  6:58  Roach  
  75  6:59  Roach x6  
  94  7:17  Glial Reconstitution  
  94  7:22  Zerg Melee Weapons Level 1  
  94  7:29  Evolution Chamber  
  93  7:34  Queen  
  93  7:35  Hatchery  
  87  7:50  Roach x11  
  87  7:51  Roach x7  
  122  8:06  Centrifical Hooks, Spire  
  121  8:17  Zerg Ground Armor Level 1  
  121  8:34  Overlord x7  
  121  9:05  Drone x4  
  125  9:18  Mutalisk x14  
  125  9:19  Mutalisk x3  
  125  9:23  Zerg Flyer Weapons Level 1  
  159  9:28  Hatchery  
  158  9:33  Zerg Missile Weapons Level 1  
  158  10:31  Zerg Ground Armor Level 2  
  158  10:41  Zergling x6  
  161  11:28  Roach, Mutalisk  
  161  11:29  Corruptor  
  161  11:30  Corruptor x8  
  159  11:59  Overlord x3  
  159  12:00  Overlord x11  
  153  12:26  Mutalisk x2  
  153  12:27  Mutalisk x18  
  153  12:29  Queen  
  193  12:30  Queen  
  197  13:12  Zerg Flyer Weapons Level 2  
  175  13:43  Mutalisk x7  
  175  13:44  Mutalisk x2  
  105  14:36  Corruptor  
  105  14:37  Corruptor x7  
  89  14:53  Hydralisk Den  
  81  15:00  Zergling x2  
  81  15:01  Zergling x16  
Show
View Real Time Build Order
Export as new Build Order

RipeFruit Protoss 

Build Orders: Carriers 

Get SALT Encoding   

  12  0:00  Probe  
  13  0:13  Probe  
  14  0:18  Pylon  
  14  0:25  Probe  
  14  0:27  Assimilator  
  14  0:33  Probe  
  16  0:43  Probe  
  16  0:47  Gateway  
  17  0:56  Probe  
  18  1:08  Probe  
  19  1:20  Probe  
  20  1:36  Cybernetics Core  
  20  1:45  Nexus  
  20  1:47  Assimilator  
  20  1:58  Pylon  
  20  2:01  Probe  
  21  2:03  Warp Gate  
  21  2:06  Stalker  
  21  2:13  Probe  
  24  2:25  Probe  
  25  2:37  Probe  
  26  2:47  Stalker  
  26  2:49  Probe  
  29  2:58  Nexus  
  29  3:01  Probe x2  
  31  3:09  Pylon  
  31  3:13  Probe x2  
  33  3:25  Probe  
  34  3:27  Probe  
  34  3:32  Pylon  
  35  3:35  Probe x2  
  35  3:39  Pylon  
  37  3:43  Probe x2  
  39  3:51  Probe  
  39  3:52  Forge  
  40  3:56  Probe  
  41  4:03  Probe  
  41  4:04  Assimilator  
  41  4:08  Assimilator, Probe  
  41  4:09  Protoss Air Weapons Level 1  
  44  4:10  Probe  
  44  4:15  Probe  
  44  4:16  Stargate  
  45  4:20  Probe  
  45  4:22  Probe  
  47  4:28  Photon Cannon, Probe  
  47  4:30  Probe  
  48  4:32  Protoss Shields Level 1  
  48  4:34  Probe  
  50  4:38  Probe  
  50  4:40  Probe  
  52  4:46  Probe x2  
  52  4:48  Stargate  
  52  4:49  Photon Cannon  
  52  4:52  Probe  
  55  4:58  Probe x2  
  57  5:04  Probe  
  58  5:10  Probe x2  
  60  5:18  Photon Cannon  
  60  5:22  Photon Cannon, Probe  
  60  5:23  Probe  
  60  5:27  Photon Cannon  
  62  5:28  Probe  
  62  5:34  Pylon  
  63  5:41  Pylon  
  63  5:43  Probe  
  63  5:44  Probe x2  
  63  5:49  Assimilator  
  66  5:51  Protoss Air Armor Level 1  
  66  5:52  Pylon  
  66  5:53  Assimilator  
  66  5:55  Probe  
  67  5:58  Gateway  
  67  6:00  Fleet Beacon  
  67  6:02  Gateway  
  67  6:06  Gateway  
  67  6:08  Gateway, Probe x3  
  70  6:12  Twilight Council  
  70  6:15  Photon Cannon  
  70  6:20  Probe x2  
  70  6:24  Twilight Council  
  72  6:26  Stargate  
  72  6:27  Pylon  
  72  6:32  Probe x2  
  74  6:33  Probe  
  75  6:46  Mothership  
  75  6:47  Probe  
  75  6:49  Carrier x2  
  75  6:53  Nexus  
  88  6:56  Pylon  
  96  7:01  Protoss Shields Level 2  
  96  7:03  Cybernetics Core  
  96  7:04  Probe x2  
  98  7:16  Probe x2  
  100  7:28  Probe x2  
  102  7:33  Pylon  
  102  7:34  Photon Cannon  
  102  7:36  Photon Cannon  
  102  7:38  Photon Cannon  
  102  7:40  Probe  
  102  7:42  Pylon, Probe  
  104  7:45  Carrier  
  104  7:47  Protoss Air Weapons Level 2  
  104  7:48  Protoss Air Armor Level 2  
  110  7:52  Probe  
  110  7:54  Probe  
  110  7:58  Assimilator, Carrier x2  
  112  8:02  Assimilator  
  112  8:05  Probe  
  125  8:06  Probe  
  126  8:13  Probe  
  126  8:17  Probe  
  128  9:01  Carrier  
  134  9:04  Carrier  
  134  9:05  Carrier  
  146  9:13  Pylon  
  146  9:15  Pylon  
  146  9:16  Pylon  
  146  9:19  Pylon  
  146  9:22  Protoss Shields Level 3  
  146  10:01  Charge  
  146  10:03  Zealot x4  
  146  10:05  Tempest  
  159  10:08  Tempest  
  159  10:09  Carrier  
  170  10:20  Pylon  
  170  10:23  Pylon  
  170  10:24  Pylon  
  170  10:28  Pylon  
  170  10:30  Pylon  
  170  10:31  Protoss Air Weapons Level 3  
  170  10:33  Protoss Air Armor Level 3  
  170  11:02  Void Ray  
  174  11:05  Carrier  
  180  11:16  Zealot x2  
  180  11:17  Zealot x2  
  156  11:43  Carrier  
  156  11:45  Carrier  
  156  11:52  Stalker x4  
  140  12:09  Carrier  
  146  12:24  Stalker x2  
  146  12:25  Stalker x2  
  138  12:46  Protoss Ground Weapons Level 1  
  138  12:48  Carrier  
  138  12:49  Carrier  
  146  12:55  Pylon  
  146  13:13  Carrier  
  146  13:15  Stalker x4  
  129  13:48  Stalker  
  129  13:49  Stalker x2  
  129  13:51  Zealot  
  129  13:52  Carrier  
  129  13:53  Carrier  
  138  13:56  Gateway  
  138  14:00  Gateway x2  
  138  14:01  Pylon  
  138  14:08  Gateway  
  138  14:09  Gateway  
  138  14:11  Gateway  
  138  14:17  Carrier  
  144  14:43  Stalker x2  
  144  14:44  Stalker x2  
  142  15:10  Probe x3  
  142  15:12  Stalker x2  
  142  15:13  Stalker x3  
  142  15:14  Stalker x5  
Tags
 
Add a new tag
Caveats
  • Supply blocks, unpowered buildings, or Contaminate may cause inaccurate times.
  • Supply counts are checked every 10 seconds.